Map: Lightshade LE

Players

ViBE - Winner!

  • Race: Terran Terran
  • League: Gold
  • Spawn Location: 5:00

PumpkinPig

  • Race: Terran Terran
  • Spawn Location: 11:00

VOD

Have the link to the VOD?

Description

Time

  • Played on: March 26, 2021, 8:13 p.m.
  • Length: 11:46
Show
View Real Time Build Order
Export as new Build Order

ViBE Terran - Winner!

Build Orders:  

Get SALT Encoding   

  12  0:00  SCV  
  13  0:12  SCV  
  14  0:18  Supply Depot  
  14  0:24  SCV  
  15  0:40  SCV  
  15  0:41  Barracks  
  16  0:49  Refinery  
  16  0:52  SCV  
  17  1:04  SCV  
  18  1:16  SCV  
  19  1:32  Orbital Command  
  19  1:33  Marine  
  19  1:39  Command Center  
  20  1:50  Marine  
  20  1:52  Supply Depot  
  21  2:02  SCV  
  22  2:12  Factory  
  22  2:14  SCV  
  23  2:17  Barracks Reactor  
  23  2:30  SCV  
  24  2:43  SCV  
  25  2:46  Bunker  
  25  2:55  SCV  
  25  2:56  Factory Tech Lab, Barracks  
  25  2:57  Marine  
  25  2:58  Orbital Command, Marine  
  28  3:07  SCV  
  29  3:15  Refinery, Marine x2  
  29  3:19  SCV  
  32  3:23  Siege Tank  
  32  3:26  SCV  
  36  3:31  SCV  
  37  3:38  SCV  
  38  3:43  SCV  
  38  3:48  Marine x2  
  37  3:49  Marine  
  37  3:51  SCV  
  37  3:55  SCV  
  35  4:03  SCV  
  35  4:06  Marine x2  
  35  4:07  SCV  
  35  4:08  Barracks Tech Lab  
  37  4:15  SCV  
  38  4:19  SCV  
  39  4:25  Marine x2  
  39  4:27  SCV  
  42  4:31  SCV  
  42  4:32  Supply Depot  
  42  4:36  Marine  
  44  4:39  SCV  
  44  4:43  Marine  
  46  4:51  Supply Depot x2  
  46  4:54  SCV x2  
  48  5:05  Marine x3  
  48  5:06  SCV x2  
  53  5:09  Starport  
  53  5:12  Siege Tank  
  56  5:18  SCV x2  
  58  5:28  Command Center  
  58  5:30  SCV x2  
  58  5:33  Supply Depot x2  
  60  5:38  Marine x3  
  60  5:39  Stimpack  
  60  5:42  SCV x2  
  65  5:48  Supply Depot  
  65  5:54  SCV x2  
  65  5:55  Starport Reactor  
  67  6:04  Marine x3  
  67  6:06  SCV x2, Siege Tank  
  75  6:18  SCV x2, Supply Depot x2  
  75  6:20  Refinery x2  
  75  6:23  Marine x2  
  75  6:24  Marine  
  80  6:30  SCV x2  
  82  6:34  Supply Depot  
  82  6:35  Medivac  
  82  6:36  Medivac  
  86  6:42  SCV x2  
  86  6:44  Engineering Bay x2  
  86  6:45  Orbital Command  
  88  6:48  Marine x2  
  88  6:49  Marine  
  91  6:55  SCV x2  
  93  7:06  Marine x2  
  93  7:07  SCV x2, Armory, Marine  
  98  7:10  Terran Infantry Armor Level 1, Terran Infantry Weapons Level 1  
  98  7:19  SCV x2  
  100  7:22  Orbital Command  
  100  7:29  Marine x2  
  101  7:30  Marine  
  101  7:35  SCV x2  
  105  7:43  Barracks x2  
  105  7:47  SCV x2, Barracks  
  107  7:57  SCV  
  108  7:59  SCV x2, Marine x3  
  108  8:01  Command Center  
  108  8:02  Combat Shield  
  108  8:04  Medivac  
  115  8:05  Medivac  
  115  8:09  SCV  
  115  8:11  SCV  
  119  8:16  Marine  
  119  8:17  SCV, Marine x2  
  123  8:20  Refinery x2  
  123  8:21  SCV  
  123  8:22  Supply Depot  
  123  8:23  SCV, Supply Depot  
  123  8:25  Supply Depot  
  119  8:29  SCV  
  119  8:31  Barracks Reactor x2  
  119  8:33  Barracks Reactor, SCV  
  119  8:34  Medivac  
  119  8:36  SCV  
  119  8:41  SCV  
  121  8:45  SCV  
  121  8:48  SCV  
  123  8:49  Marine  
  123  8:50  Marine x2, Thor  
  123  8:52  Medivac  
  123  8:53  SCV  
  129  8:57  SCV, Terran Vehicle Weapons Level 1  
  129  9:00  SCV  
  129  9:01  Supply Depot  
  129  9:02  Supply Depot  
  129  9:04  Medivac  
  129  9:05  SCV  
  129  9:06  Missile Turret  
  129  9:07  Missile Turret  
  129  9:09  SCV  
  131  9:10  Missile Turret  
  131  9:12  Missile Turret  
  131  9:13  Planetary Fortress  
  131  9:20  Marine x5  
  131  9:21  Marine  
  131  9:23  Marine  
  138  9:24  Command Center  
  138  9:30  Terran Infantry Weapons Level 2  
  138  9:35  Thor  
  138  9:36  Marine  
  138  9:37  Marine x2  
  147  9:38  Marine x2  
  147  9:39  Marine  
  147  9:40  Marine  
  147  9:42  Marine x2  
  147  9:45  SCV x3  
  156  9:54  Marine  
  156  9:55  Marine, Supply Depot x2  
  156  9:57  SCV x2  
  156  9:58  SCV  
  161  10:00  Marine x7  
  161  10:02  Medivac x2  
  172  10:12  Marine x2  
  174  10:17  Marine  
  174  10:18  Marine x3  
  177  10:31  Starport  
  177  10:32  Viking x2  
  177  10:33  Factory  
  181  10:36  Marine x5  
  181  10:37  Barracks, Marine x4, Thor  
  181  10:38  Barracks, Missile Turret  
  181  10:40  Barracks  
  196  10:48  Planetary Fortress  
  196  10:54  Marine  
  197  11:00  Command Center  
  197  11:02  Barracks x2  
  197  11:03  Barracks x3  
  197  11:07  Barracks  
  197  11:08  Barracks x2  
  197  11:15  Barracks  
  197  11:28  Barracks Tech Lab  
  197  11:29  Barracks Tech Lab x2  
  197  11:31  Factory Tech Lab  
  197  11:32  Starport Reactor  
Show
View Real Time Build Order
Export as new Build Order

PumpkinPig Terran 

Build Orders:  

Get SALT Encoding   

  12  0:00  SCV  
  13  0:13  SCV  
  14  0:19  Supply Depot  
  14  0:33  SCV  
  15  0:41  Barracks  
  15  0:45  SCV  
  16  0:58  SCV  
  16  1:00  Refinery  
  17  1:10  SCV, Supply Depot  
  18  1:18  Barracks  
  18  1:23  SCV  
  19  1:35  SCV  
  20  1:51  Barracks Tech Lab  
  20  1:54  SCV  
  21  2:02  Supply Depot  
  21  2:07  SCV  
  22  2:13  Marauder  
  24  2:28  Marine  
  25  2:32  Concussive Shells  
  25  2:35  Marauder  
  27  2:46  Marine, Supply Depot  
  28  2:56  Marauder  
  30  3:04  Marine  
  31  3:18  Marauder  
  33  3:21  Supply Depot  
  33  3:24  Supply Depot  
  34  3:38  Barracks Reactor  
  34  3:39  Marauder  
  35  4:00  Marauder  
  22  4:25  Factory  
  22  4:29  Factory  
  22  4:42  Command Center  
  22  4:49  Barracks  
  22  4:55  Barracks  
  22  4:58  Orbital Command, Engineering Bay  
  22  5:02  Refinery  
  22  5:15  Barracks  
  22  5:30  Factory Reactor  
  22  5:38  Factory Tech Lab  
  22  5:44  Starport  
  22  5:56  Barracks Tech Lab  
  22  5:58  Barracks Reactor  
  22  6:05  Barracks Reactor  
  22  6:10  Cyclone  
  25  6:13  SCV  
  25  6:16  SCV  
  27  6:25  SCV  
  28  6:28  SCV  
  28  6:31  Starport Tech Lab  
  29  6:37  SCV  
  30  6:41  Fusion Core  
  30  6:47  Refinery, SCV  
  30  6:48  Refinery  
  30  6:49  SCV  
  32  6:57  Hellion  
  32  6:59  SCV  
  32  7:00  Hellion x2  
  39  7:01  SCV  
  40  7:11  Marauder, Marine x2  
  40  7:12  SCV, Marine  
  47  7:24  SCV, Orbital Command  
  47  7:36  SCV  
  48  7:37  Starport  
  48  7:47  Battlecruiser  
  48  7:48  SCV  
  55  8:04  Hellion x3  
  61  8:11  Supply Depot  
  59  8:25  Hellion x3  
  47  8:34  Supply Depot  
  44  8:55  Weapon Refit  
  39  9:02  Starport Tech Lab  
  37  9:09  SCV x2  
  39  9:21  SCV x2  
  41  9:31  Battlecruiser  
  47  9:33  SCV x2  
  49  9:45  SCV x2  
  51  9:57  SCV  
  51  9:58  SCV  
  53  10:10  SCV x2  
  54  10:22  SCV  
  55  10:33  Marauder, Marine x5  
  55  10:34  SCV  
  63  10:37  Hellion x2  
  63  10:38  Hellion  
  69  10:43  Refinery  
  69  10:46  SCV  
  70  10:51  Marine x5  
  70  10:55  Marauder  
  77  11:16  Marauder  
  77  11:17  Armory, Command Center  
Tags
 
League
Gold
Matchup
TvT
Player
ViBE
Race
Terran
Replay Pack
Gold_League
Spawn Locations
Cross Positions
Add a new tag
Caveats
  • Supply blocks, unpowered buildings, or Contaminate may cause inaccurate times.
  • Supply counts are checked every 10 seconds.